Workbook

Sheet MODELO
B3: GOBERNANCIÒN DEL DEPARTAMENTO DEL CESAR | G3: SECRETARIA DE GOBIERNO
B9: OBJETO: | C9: AUNAR ESFUERZOS ENTRE EL DEPARTAMENTO DEL CESAR Y LA JUNTA DE ACCION COMUNAL BARRIO SAN MARTIN DEL MUNICIPIO BOSCONIA - CÉSAR, PARA REPARACION Y MANTENIMIENTO DEL PARQUE
B11: ITEM | C11: DESCRIPCION | G11: UNIDAD | H11: CANTIDAD | I11: V.UNITARIO | J11: V.TOTAL
B12: 1.1 | C12: Desmonte de malla eslabonada en mal estado | G12: M2 | H12: 150 | I12: =+APU!G30 -> 43701 | J12: =+ROUND(H12*I12,2) -> 6555150
B13: 1.2 | C13: Demolicion de columneta | G13: UN | H13: 16 | I13: =APU!G61 -> 18338 | J13: =+ROUND(H13*I13,2) -> 293408
B14: 1.3 | C14: Desmonte de parque infantil en mal estado | G14: UN | H14: 1 | I14: 354104.96 | J14: =+ROUND(H14*I14,2) -> 354104.96
B15: 1.4 | C15: Mantenimiento de 11 bisaludables incluyew desmonte, mantenimiento, cambio de balinera, pintura y reinstalacion | G15: GL | H15: 1 | I15: =+APU!G125 -> 6257542 | J15: =+ROUND(H15*I15,2) -> 6257542
B16: 1.5 | C16: Soporte en tubo galbanizado de 2'' para malla | G16: ML | H16: 150 | I16: =+APU!G156 -> 46414 | J16: =+ROUND(H16*I16,2) -> 6962100
B17: 1.6 | C17: Refuerzo con platina para malla de cerramiento 3/4x3/16 | G17: ML | H17: 45 | I17: =+APU!G187 -> 26567 | J17: =+ROUND(H17*I17,2) -> 1195515
B18: 1.7 | C18: Suministro e instalacion de parque infantil | G18: UN | H18: 1 | I18: =+APU!G218 -> 6344637 | J18: =+ROUND(H18*I18,2) -> 6344637
B19: 1.8 | C19: Reparacion de malla contraimpacto de cancha futbol 7 | G19: M2 | H19: 130 | I19: =+APU!G249 -> 83420 | J19: =+ROUND(H19*I19,2) -> 10844600
B20: 1.9 | C20: Construccion de malla contraimpacto de cancha multifuncional | G20: M2 | H20: 85 | I20: =+APU!G280 -> 93199 | J20: =+ROUND(H20*I20,2) -> 7921915
B21: VALOR COSTO DIRECTO | J21: =SUM(J12:J20) -> 46728972
B22: ADMINISTRACION DEL 6% | I22: 0.06 | J22: =J21*I22 -> 2803738.3
B23: IMPREVISTOS | I23: 0.01 | J23: =ROUND(J21*1%,2) -> 467289.72
B24: TOTAL PRESUPUESTO | J24: =J21+J22+J23 -> 50000000

Sheet APU
A2: 1
C6: ANÁLISIS DE PRECIO UNITARIO
B8: CAPÍTULO 1:
B10: Ítem | C10: =+MODELO!B12 -> 1.1 | D10: =+MODELO!C12 -> Desmonte de malla eslabonada en mal estado
D11: Unidad | G11: =+MODELO!G12 -> M2
B12: MATERIALES | D12: UNIDAD | E12: CANTIDAD | F12: VALOR UNITARIO | G12: VALOR TOTAL
B13: 1 | G13: =+ROUND(E13*F13,0) -> 0
B14: 2 | G14: =+ROUND(E14*F14,0) -> 0
B15: 3 | G15: =+ROUND(E15*F15,0) -> 0
E16: SUBTOTAL MATERIALES | G16: =SUM(G13:G15) -> 0
B18: EQUIPOS Y HERRAMIENTAS | D18: =+D12 -> UNIDAD | E18: CANTIDAD | F18: =+F12 -> VALOR UNITARIO | G18: =+G12 -> VALOR TOTAL
B19: 1 | C19: HERRAMINETAS MENORES | D19: %MO | E19: 0.8 | F19: 15821.082 | G19: =+ROUND(E19*F19,0) -> 12657
B20: 1 | C20: TRANSPORTE | D20: KM | E20: 2 | F20: 1139 | G20: =+ROUND(E20*F20,0) -> 2278
E21: SUBTOTAL EQUIPOS | G21: =G19+G20 -> 14935
B23: TRANSPORTE | D23: UNIDAD | E23: DISTANCIA km | F23: VR. UN. ($/ m³*km) | G23: VALOR TOTAL
B24: 1 | G24: =+ROUND(E24*F24,0) -> 0
E25: SUBTOTAL TRANSPORTE | G25: =SUM(G24) -> 0
B27: MANO DE OBRA | D27: =+D18 -> UNIDAD | E27: CANTIDAD | F27: VALOR HORA | G27: =+G18 -> VALOR TOTAL
B28: 1 | C28: MANO DE OBRA AA | D28: HC | E28: 1 | F28: =VLOOKUP(C28,[1]INSUMOS!$B$8:$D$1000,3,FALSE) -> 28765.603 | G28: =+ROUND(E28*F28,0) -> 28766
E29: SUBTOTAL MANO DE OBRA | G29: =ROUND(G28,0) -> 28766
E30: COSTO DIRECTO | G30: =ROUND(G16+G21+G29+G25,0) -> 43701
A33: 2
C37: ANÁLISIS DE PRECIO UNITARIO
B39: CAPÍTULO 1:
B41: Ítem | C41: =+MODELO!B13 -> 1.2 | D41: =+MODELO!C13 -> Demolicion de columneta
D42: Unidad | G42: =+MODELO!G13 -> UN
B43: MATERIALES | D43: UNIDAD | E43: CANTIDAD | F43: VALOR UNITARIO | G43: VALOR TOTAL
B44: 1 | G44: =+ROUND(E44*F44,0) -> 0
B45: 2 | G45: =+ROUND(E45*F45,0) -> 0
E47: SUBTOTAL MATERIALES | G47: =SUM(G44:G46) -> 0
B49: EQUIPOS Y HERRAMIENTAS | D49: =+D43 -> UNIDAD | E49: CANTIDAD | F49: =+F43 -> VALOR UNITARIO | G49: =+G43 -> VALOR TOTAL
B50: 1 | C50: HERRAMIENTAS MENORES | D50: %MO | E50: 0.15 | F50: 7191.4007 | G50: =+ROUND(F50*E50,0) -> 1079
B51: 2 | G51: =+ROUND(E51*F51,0) -> 0
E52: SUBTOTAL EQUIPOS | G52: =G50+G51 -> 1079
B54: TRANSPORTE | D54: UNIDAD | E54: DISTANCIA km | F54: VR. UN. ($/ m³*km) | G54: VALOR TOTAL
B55: 1 | G55: =+ROUND(E55*F55*D55,0) -> 0
E56: SUBTOTAL TRANSPORTE | G56: =SUM(G55) -> 0
B58: MANO DE OBRA | D58: =+D49 -> UNIDAD | E58: CANTIDAD | F58: VALOR HORA | G58: =+G49 -> VALOR TOTAL
B59: 1 | C59: MANO DE OBRA AA | D59: HC | E59: 0.6 | F59: 28765.603 | G59: =+ROUND(E59*F59,0) -> 17259
E60: SUBTOTAL MANO DE OBRA | G60: =ROUND(G59,0) -> 17259
E61: COSTO DIRECTO | G61: =ROUND(G47+G52+G60+G56,0) -> 18338
A64: 3
C68: ANÁLISIS DE PRECIO UNITARIO
B70: CAPÍTULO 1:
B72: Ítem | C72: =+MODELO!B14 -> 1.3 | D72: =+MODELO!C14 -> Desmonte de parque infantil en mal estado
D73: Unidad | G73: =+MODELO!G14 -> UN
B74: MATERIALES | D74: UNIDAD | E74: CANTIDAD | F74: VALOR UNITARIO | G74: VALOR TOTAL
B75: 1 | C75: ANDAMIO | D75: d | E75: 6 | F75: 2618 | G75: =F75*E75 -> 15708
E78: SUBTOTAL MATERIALES | G78: =SUM(G75:G77) -> 15708
B80: EQUIPOS Y HERRAMIENTAS | D80: =+D74 -> UNIDAD | E80: CANTIDAD | F80: =+F74 -> VALOR UNITARIO | G80: =+G74 -> VALOR TOTAL
B82: 1 | C82: HERRAMIENTAS MENORES | D82: %MO | E82: 0.8 | F82: 56955.893 | G82: =+ROUND(E82*F82,0) -> 45565
E83: SUBTOTAL EQUIPOS | G83: =G81+G82 -> 45565
B85: TRANSPORTE | D85: UNIDAD | E85: DISTANCIA km | F85: VR. UN. ($/ m³*km) | G85: VALOR TOTAL
B86: 1 | C86: TRANSPORTE | D86: KM | E86: 3 | F86: 52188.918 | G86: =+ROUND(E86*F86,0) -> 156567
E87: SUBTOTAL TRANSPORTE | G87: =SUM(G86) -> 156567
B89: MANO DE OBRA | D89: =+D80 -> UNIDAD | E89: CANTIDAD | F89: VALOR HORA | G89: =+G80 -> VALOR TOTAL
B90: 1 | C90: MANO DE OBRA AA | D90: HC | E90: 2 | F90: 58765.6 | G90: =+ROUND(E90*F90,0) -> 117531
E91: SUBTOTAL MANO DE OBRA | G91: =ROUND(G90,0) -> 117531
E92: COSTO DIRECTO | G92: =ROUND(G78+G83+G91+G87,0) -> 335371
A95: 4
C99: ANÁLISIS DE PRECIO UNITARIO
B101: CAPÍTULO 1:
B103: Ítem | C103: =+MODELO!B15 -> 1.4 | D103: =+MODELO!C15 -> Mantenimiento de 11 bisaludables incluyew desmonte, mantenimiento, cambio de balinera, pintura y reinstalacion
D104: Unidad | G104: =+MODELO!G15 -> GL
B105: MATERIALES | D105: UNIDAD | E105: CANTIDAD | F105: VALOR UNITARIO | G105: VALOR TOTAL
B106: 1 | C106: DESMONTE | D106: UN | E106: 1 | F106: 480765.6 | G106: =+ROUND(E106*F106,0) -> 480766
B107: 2 | C107: MANTENIMIENTO | D107: hc | E107: 0.7 | F107: 488765.6 | G107: =+ROUND(E107*F107,0) -> 342136
B108: 3 | C108: CAMBIO DE BALINERA | D108: UN | E108: 11 | F108: 290000 | G108: =+ROUND(E108*F108,0) -> 3190000
B109: 4 | C109: PINTURA | D109: GL | E109: 6 | F109: 81225 | G109: =+ROUND(E109*F109,0) -> 487350
B110: 5 | C110: REINSTALACION | D110: ML | E110: 1 | F110: 1000000 | G110: =+ROUND(E110*F110,0) -> 1000000
E111: SUBTOTAL MATERIALES | G111: =SUM(G106:G110) -> 5500252
B113: EQUIPOS Y HERRAMIENTAS | D113: =+D105 -> UNIDAD | E113: CANTIDAD | F113: =+F105 -> VALOR UNITARIO | G113: =+G105 -> VALOR TOTAL
B114: 1 | C114: HERRAMINETAS MENORES | D114: %MO | E114: 0.009 | F114: 97227 | G114: =+ROUND(E114*F114,0) -> 875
B115: 2 | G115: =+ROUND(E115*F115,0) -> 0
E116: SUBTOTAL EQUIPOS | G116: =G114+G115 -> 875
B118: TRANSPORTE | D118: UNIDAD | E118: DISTANCIA km | F118: VR. UN. ($/ m³*km) | G118: VALOR TOTAL
B119: 1 | G119: =+ROUND(E119*F119,0) -> 0
E120: SUBTOTAL TRANSPORTE | G120: =SUM(G119) -> 0
B122: MANO DE OBRA | D122: =+D113 -> UNIDAD | E122: CANTIDAD | F122: VALOR HORA | G122: =+G113 -> VALOR TOTAL
B123: 1 | C123: MANO DE OBRA AA | D123: HC | E123: 11 | F123: 68765 | G123: =+ROUND(E123*F123,0) -> 756415
E124: SUBTOTAL MANO DE OBRA | G124: =ROUND(G123,0) -> 756415
E125: COSTO DIRECTO | G125: =ROUND(G111+G116+G124+G120,0) -> 6257542
A128: 5
C132: ANÁLISIS DE PRECIO UNITARIO
B134: CAPÍTULO 1:
B136: Ítem | C136: =+MODELO!B16 -> 1.5 | D136: =+MODELO!C16 -> Soporte en tubo galbanizado de 2'' para malla
D137: Unidad | G137: =+MODELO!G16 -> ML
B138: MATERIALES | D138: UNIDAD | E138: CANTIDAD | F138: VALOR UNITARIO | G138: VALOR TOTAL
B139: 1 | C139: TUBO GALVANIZADO | D139: UN | E139: 1 | F139: 24000 | G139: =+ROUND(E139*F139,0) -> 24000
B140: 2 | G140: =+ROUND(E140*F140,0) -> 0
E142: SUBTOTAL MATERIALES | G142: =SUM(G139:G141) -> 24000
B144: EQUIPOS Y HERRAMIENTAS | D144: =+D138 -> UNIDAD | E144: CANTIDAD | F144: =+F138 -> VALOR UNITARIO | G144: =+G138 -> VALOR TOTAL
B146: 2 | G146: =+ROUND(E146*F146,0) -> 0
E147: SUBTOTAL EQUIPOS | G147: =G145+G146 -> 0
B149: TRANSPORTE | D149: UNIDAD | E149: DISTANCIA km | F149: VR. UN. ($/ m³*km) | G149: VALOR TOTAL
B150: 1 | C150: TRANSPORTE | D150: KM | E150: 2 | F150: 1139 | G150: =+ROUND(E150*F150,0) -> 2278
E151: SUBTOTAL TRANSPORTE | G151: =SUM(G150) -> 2278
B153: MANO DE OBRA | D153: =+D144 -> UNIDAD | E153: CANTIDAD | F153: VALOR HORA | G153: =+G144 -> VALOR TOTAL
B154: 1 | C154: MANO DE OBRA AA | D154: HC | E154: 0.7 | F154: 28765.6 | G154: =+ROUND(E154*F154,0) -> 20136
E155: SUBTOTAL MANO DE OBRA | G155: =ROUND(G154,0) -> 20136
...

Sheet DESGLOSE AI
B2: CALCULO Y DESGLOSE DEL A.I.
B5: COSTO DIRECTO DEL PROYECTO | G5: =+MODELO!J21 -> 46728972
B6: VALOR DEL PROYECTO CON AI | G6: =+MODELO!J24 -> 50000000
B7: PERSONAL PROFESIONAL | C7: CANTIDAD | D7: DEDICACION | E7: VALOR MES MAS PRESTACIONES | F7: MESES | G7: Vr. Total | H7: % incidencia costo
B8: CELADOR | C8: 1 | D8: 1 | E8: 1100000 | F8: 1 | G8: =+C8*D8*E8*F8 -> 1100000 | H8: =+G8/G5 -> 0.02354
B9: CARPA | C9: 1 | D9: 1 | E9: 300000 | F9: 1 | G9: =+C9*D9*E9*F9 -> 300000 | H9: =+G9/G5 -> 0.00642
B10: TOTAL PERSONAL PROFESIONAL | G10: =SUM(G8:G8) -> 1100000 | H10: =SUM(H8:H9) -> 0.02996
B13: INSTALACIONES PROVISIONALES Y OTROS GASTOS | C13: UNIDAD | D13: CANTIDAD | E13: VALOR | F13: Vr. Total | H13: % incidencia costo
B14: PAPELERIA, TINTAS, FOTOCOPIAS, REGISTROS FOTOGRAFICOS, ELABORACION DE INFORMES Y OTROS | C14: MES | D14: 2 | E14: 701869 | F14: =+D14*E14 -> 1403738 | H14: =+F14/G5 -> 0.030039993
B15: TOTAL INSTALACIONES PROVISIONALES Y OTROS GASTOS | F15: =SUM(F14:G14) -> 1403738 | H15: =SUM(H14:H14) -> 0.030039993
B16: ADMINISTRACION | G16: =+H15+H10 -> 0.059999993 | H16: =+G5*G16 -> 2803738
B17: IMPREVISTOS | G17: 0.01 | H17: =G17*G5 -> 467289.72
B19: PORCENTAJE TOTAL DEL A.I. | G19: =SUM(G16:G17) -> 0.069999993 | H19: =+H16+H17 -> 3271027.7
B20: COSTO DIRECTO DE EJECUCION DEL PROYECTO | H20: =G5 -> 46728972
B22: VALOR PROYECTO CON AI | H22: =+H19+H20 -> 50000000
B25: VALOR TOTAL DEL PROYECTO | H25: =+H22 -> 50000000
